 Dungeon Crawl Stone Soup version 0.25-a0-566-g062765b (webtiles) character file.

Game seed: 4036236392979069217, levelgen mode: deterministic

36 15 the Caller (level 3, -7/26 HPs)
             Began as a Barachi Summoner on Feb 28, 2020.
             Mangled by a kobold
             ... wielding a +2 hand axe of electrocution
              (20 damage)
             ... on level 1 of the Dungeon.
             The game lasted 00:03:27 (1424 turns).

15 the Caller (Barachi Summoner)                    Turns: 1424, Time: 00:03:28

Health: -7/26      AC:  3    Str: 10    XL:     3   Next: 37%
Magic:  3/6        EV: 12    Int: 15    God:
Gold:   34         SH:  0    Dex: 12    Spells: 0/6 levels left

rFire    . . .     SeeInvis .   g - +0 dagger
rCold    . . .     Gourm    .   (no shield)
rNeg     . . .     Faith    .   a - +1 robe
rPois    .         Spirit   .   (no helmet)
rElec    .         Reflect  .   (no cloak)
rCorr    .         Harm     .   (no gloves)
MR       .....                  (no boots)
Stlth    ++........             (no amulet)
HPRegen  0.08/turn              d - +5 ring of slaying
MPRegen  0.10/turn              (no ring)

@: slow
A: +LOS, swims, slowness 1, strong legs 1
a: Hop


You were on level 1 of the Dungeon.
You were not hungry.

You visited 1 branch of the dungeon, and saw 1 of its levels.

You collected 34 gold pieces.

Inventory:

Hand Weapons
 g - a +0 dagger (weapon)
Armour
 a - a +1 robe (worn)
Jewellery
 d - a +5 ring of slaying (left hand)
Scrolls
 f - a scroll of amnesia
Potions
 b - a potion of curing
 h - 2 potions of brilliance {unknown}
 i - a potion of haste {unknown}
 l - a potion of stabbing {unknown}
Comestibles
 c - 6 rations


   Skills:
 * Level 1.0 Fighting
 + Level 0.4 Short Blades
 * Level 1.0 Armour
 * Level 2.4 Dodging
 + Level 1.8 Stealth
 * Level 2.4 Spellcasting
 + Level 5.4 Summonings


You couldn't memorise any spells.
You knew the following spells:

 Your Spells              Type           Power        Failure   Level  Hunger
a - Summon Small Mammal   Summ           ###.         2%          1    #......
b - Call Imp              Summ           ###.....     3%          2    ###....
c - Call Canine Familiar  Summ           ###.....     7%          3    ###....

Your spell library contained the following spells:

 Spells                   Type           Power        Failure   Level  Hunger
 Summon Guardian Golem    Hex/Summ       ##......     21%         3    ###....
 Summon Ice Beast         Ice/Summ       ##......     56%         4    #####..
 Summon Lightning Spire   Summ/Air       ##......     56%         4    #####..


Dungeon Overview and Level Annotations

Branches:
Dungeon (1/15)

Altars:


Innate Abilities, Weirdness & Mutations

You can be seen from farther away. (+LOS)
You can swim through water.
You cover ground slowly.
You can hop short distances.


Message History

You hit the giant cockroach.
You kill the giant cockroach!
A bat comes into view.
The bat moves out of view.
All of the chunks of flesh in your inventory have rotted away.
Press: ? - help, v - describe, . - travel
Here: a kobold, wielding a +2 hand axe of electrocution The floor.
Casting: Call Canine Familiar (safe; 7% risk of failure)
Confirm with . or Enter, or press ? or * to list all spells.
A kobold comes into view.
The kobold hits you with a +2 hand axe of electrocution!
The kobold barely misses your hound.
Your hound barely misses the kobold.
You see here a stone.
The bat misses you.
Your hound barely misses the kobold.
The kobold hits you with a +2 hand axe of electrocution.
You are electrocuted!!
Ouch! That really hurt!
You die...

#...##.......)....
#####...########.#####
#...'...+...........#.
#.###...###########...
#.# ##### #### #.#####
...###### #.....#
..K...... #####.#
####.######
#@####......
#(Kh....K)..
#.b.........
#...†.......
##.......(..
#..........
#..........
#..........
###+#+#####


You could see a bat, 2 kobolds and a friendly hound.

Vanquished Creatures
  2 giant cockroaches (D:1)
  4 hobgoblins (D:1)
  4 bats (D:1)
  A frilled lizard (D:1)
  5 kobolds (D:1)
  A rat (D:1)
17 creatures vanquished.

Vanquished Creatures (collateral kills)
  A gnoll (D:1)
  A leopard gecko (D:1)
  A bat (D:1)
  A giant cockroach (D:1)
  3 goblins (D:1)
  A hobgoblin (D:1)
  A kobold (D:1)
  2 frilled lizards (D:1)
  3 rats (D:1)
14 creatures vanquished.

Grand Total: 31 creatures vanquished

Notes
Turn   | Place    | Note
-------+----------+-------------------------------------------
     0 | D:1      | 15 the Barachi Summoner began the quest for the Orb.
     0 | D:1      | Reached XP level 1. HP: 13/13 MP: 3/3
   136 | D:1      | Reached skill level 5 in Summonings
   178 | D:1      | Reached XP level 2. HP: 17/20 MP: 5/5
   209 | D:1      | Learned a level 2 spell: Call Imp
   847 | D:1      | Reached XP level 3. HP: 20/25 MP: 6/6
   880 | D:1      | Learned a level 3 spell: Call Canine Familiar
  1229 | D:1      | Reached skill level 1 in Armour
  1229 | D:1      | Reached skill level 1 in Fighting
  1424 | D:1      | Mangled by a kobold

Levels and vault maps discovered:
D:1:      dpeg_arrival_water_temple_mockup, layout_basic, minmay_tetromino_l4

Skill      XL: |  1  2  3 |
---------------+----------+-----
Summonings     | 5 |  5.4
Armour         | 1 |  1.0
Fighting       | 1 |  1.0
Short Blades   | |  0.4
Dodging        | |  2.4
Stealth        | |  1.8
Spellcasting   | |  2.4

Action                   || total
-------------------------++-------
Melee: Unarmed           ||    14
       Dagger            ||    38
 Cast: Summon Small Mamm ||     9
       Call Imp          ||     2
       Call Canine Famil ||     3
  Use: Potion            ||     1
       Scroll            ||     3
 Stab: Sleeping          ||     2
  Eat: Chunk             ||     3
Armor: Robe              ||    23
Dodge: Dodged            ||    64

Table legend:
 A = Non-vault XP
 B = Vault XP
 C = Vault XP percentage of total XP
 D = Non-vault monster count
 E = Vault monster count
 F = Vault count percentage of total count
                 A         B        C        D         E       F
            +---------+---------+-------+---------+---------+-------
      Total |      37 |      15 |  28.8 |      27 |       4 |  12.9
            +---------+---------+-------+---------+---------+-------
        D:1 |      37 |      15 |  28.8 |      27 |       4 |  12.9
            +---------+---------+-------+---------+---------+-------
